 Dungeon Crawl Stone Soup version 0.19.0-11-g3fc08b3 (webtiles) character file.

1930 dobroeutro the Cleaver (level 8, -3/64 HPs)
             Began as a Minotaur Berserker on Nov 9, 2016.
             Was an Elder of Trog.
             Killed by divine providence
             ... invoked by an orc priest
              (15 damage)
             ... on level 8 of the Dungeon.
             The game lasted 00:08:19 (4989 turns).

dobroeutro the Cleaver (Minotaur Berserker)         Turns: 4989, Time: 00:08:20

Health: -3/64      AC:  9    Str: 24    XL:     8   Next: 97%
Magic:  7/7        EV: 11    Int:  4    God:    Trog [****..]
Gold:   21         SH:  2    Dex: 14    Spells: 0 memorised, 7 levels left

rFire  + . .     SeeInvis .     l - +1 war axe
rCold  . . .     Gourm    .     E - +0 scale mail {rF+}
rNeg   . . .     Faith    .     (no shield)
rPois  .         Spirit   .     (helmet restricted)
rElec  .         Reflect  +     z - +1 cloak
rCorr  .         Harm     .     (no gloves)
MR     .....                    (no boots)
Stlth  +.........               a - amulet of Discretion {Reflect Str+2 SH+2}
                                (no ring)
                                I - +1 ring of protection

@: very slightly contaminated
A: retaliatory headbutt, horns 2, thin skeletal structure 1, sense surroundings
1, screaming 1, wild magic 1, MP-powered wands
a: Berserk, Trog's Hand, Brothers in Arms, Burn Spellbooks, Renounce Religion


You were on level 8 of the Dungeon.
You worshipped Trog.
Trog was greatly pleased with you.
You were very hungry.

You visited 1 branch of the dungeon, and saw 8 of its levels.

You collected 455 gold pieces.
You spent 434 gold pieces at shops.

Inventory:

Hand Weapons
 l - a +1 war axe (weapon)
Armour
 z - a +1 cloak (worn)
 E - a +0 scale mail of fire resistance (worn)
Jewellery
 a - the amulet of Discretion (around neck) {Reflect Str+2 SH+2}
   (You bought it in a shop on level 4 of the Dungeon)

   [amulet of reflection]

   It shields you and reflects attacks.
   It affects your strength (+2).
   It affects your SH (+2).
 n - an uncursed amulet of regeneration
 I - a +1 ring of protection (left hand)
Wands
 x - a wand of lightning (12/15)
 F - a wand of iceblast (10/15)
 G - a wand of slowing (15/48)
 J - a wand of flame (22/48)
Scrolls
 d - 13 scrolls of identify {unknown}
 e - 3 scrolls of fog
 y - 3 scrolls of blinking
Potions
 b - 2 potions of haste {unknown}
 f - a potion of flight {unknown}
 h - a potion of brilliance {unknown}
 k - a potion of degeneration {unknown}
 o - a potion of invisibility {unknown}
 r - a potion of mutation {unknown}
 t - a potion of heal wounds {unknown}
 u - 2 potions of curing
 A - a potion of might {unknown}
 D - a potion of agility {unknown}
 H - a potion of cure mutation {unknown}
Books
 B - a book of Misfortune

   Spells                             Type                      Level
   a - Confusing Touch                Hexes                        1
   b - Confuse                        Hexes                        3
   c - Gell's Gravitas                Hexes/Translocation          3
   d - Petrify                        Transmutation/Earth          4
   e - Metabolic Englaciation         Hexes/Ice                    5
   f - Yara's Violent Unravelling     Hexes/Transmutation          5
   Trog disapproves of the use of such an item.
Comestibles
 c - 3 bread rations
 g - 3 meat rations
 s - 6 fruits


   Skills:
 - Level 3.6 Fighting
 + Level 13.7 Axes
 - Level 2.4 Armour
 - Level 2.1 Dodging


You had 7 spell levels left.
You didn't know any spells.

Dungeon Overview and Level Annotations

Branches:
Dungeon (8/15)             Temple (0/1) D:7
   Lair: D:8-11

Altars:
Dithmenos
Fedhas
Hepliaklqana
Nemelex Xobeh
Ru
Vehumet
Zin

Shops:
D:4 =


Innate Abilities, Weirdness & Mutations

You reflexively headbutt those who attack you in melee.
You have a pair of horns on your head.
You have a somewhat thin skeletal structure. (Dex +2, Stealth)
You passively map a small area around you.
You occasionally shout uncontrollably at your foes.
Your spells are a little harder to cast, but a little more powerful.
You expend magic power (3 MP) to strengthen your wands.


Message History

As you read the scroll labeled DAATE MAOMMUCS, it crumbles to dust.
The scroll dissolves into smoke.
It was a scroll of fog.
As you read the scroll labeled DINTESAATU, it crumbles to dust.
You feel blessed for a moment.
It was a scroll of remove curse.
Unknown command.
Blink to where?
Press: ? - help, Dir - move target cursor You are very lightly contaminated with residual magic.
As you read the scroll labeled ONGIULOUZA, it crumbles to dust.
It was a scroll of blinking.
An orc priest comes into view. It is wielding a mace.
The orc priest invokes the aid of Beogh against you.
Beogh smites you!
* * * LOW HITPOINT WARNING * * *
You hear a shout! x2
An orc comes into view. It is wielding a vampiric war axe.
The orc shouts!
The orc priest calls down the wrath of Beogh upon you.
Beogh smites you!
You die...

, * * ,* *, , *
, ,* * , * * ,
** ,* , , ,, *
* * ########.#
* , ,,
oo@§§....# *
#)#.###§#######
* #...§§§§#
#######§#######
#§§...... ,
#########* , ,
, ,


You could see an orc priest and an orc.

Vanquished Creatures
  The ghost of emikaela the Ducker, a novice DEHu (D:4)
  Grinder (D:4)
  A sky beast (D:6)
  A centaur (D:5)
  2 big kobolds
  A gnoll sergeant (D:5)
  3 bullfrogs (D:7)
  2 scorpions
  4 killer bees (D:8)
  A bullfrog zombie (D:5)
  A quasit (D:7)
  A hound (D:7)
  A jelly (D:8)
  2 bullfrog skeletons
  6 worker ants
  A hound skeleton (D:7)
  2 hound zombies
  A worker ant zombie (D:5)
  10 adders
  8 gnolls
  A shadow imp (D:7)
  An adder zombie (D:6)
  3 adder skeletons (D:4)
  3 worms
  2 dart slugs
  3 leopard geckos
  7 orcs
  5 giant cockroaches
  4 goblins
  5 hobgoblins
  8 quokkas
  2 ball pythons
  8 bats
  4 frilled lizards (D:2)
  13 kobolds
  A leopard gecko skeleton (D:5)
  13 rats
133 creatures vanquished.

Notes
Turn   | Place    | Note
-------+----------+-------------------------------------------
     0 | D:1      | dobroeutro the Minotaur Berserker began the quest for the Orb.
     0 | D:1      | Reached XP level 1. HP: 19/19 MP: 0/0
    27 | D:1      | You fall through a shaft!
    36 | D:2      | Reached skill level 4 in Axes
    81 | D:2      | Reached XP level 2. HP: 14/26 MP: 1/1
   225 | D:2      | Reached ** piety under Trog
   248 | D:2      | Reached skill level 5 in Axes
   248 | D:2      | Reached XP level 3. HP: 19/31 MP: 2/2
   522 | D:2      | Found a faded altar of an unknown god.
   522 | D:2      | Found a glowing silver altar of Zin.
   527 | D:2      | Found a shadowy altar of Dithmenos.
   529 | D:2      | Found a blossoming altar of Fedhas.
   531 | D:2      | Found a sacrificial altar of Ru.
   635 | D:1      | Reached XP level 4. HP: 35/39 MP: 3/3
   792 | D:1      | Reached skill level 6 in Axes
  1307 | D:3      | Found a sparkling altar of Nemelex Xobeh.
  1526 | D:3      | Reached *** piety under Trog
  1729 | D:4      | Noticed emikaela's ghost (novice DEHu)
  1742 | D:4      | Killed emikaela's ghost
  1742 | D:4      | Reached skill level 8 in Axes
  1742 | D:4      | Reached XP level 5. HP: 33/45 MP: 4/4
  1742 | D:4      | Reached XP level 6. HP: 38/51 MP: 5/5
  1782 | D:4      | Found a hazy altar of Hepliaklqana.
  1814 | D:4      | Reached skill level 9 in Axes
  1914 | D:4      | Noticed Grinder
  1924 | D:4      | Paralysed by Grinder for 3 turns
  1929 | D:4      | Killed Grinder
  1929 | D:4      | Reached skill level 10 in Axes
  1929 | D:4      | Reached XP level 7. HP: 57/57 MP: 6/6
  1941 | D:4      | Found Xeamesm's Jewellery Shoppe.
  2468 | D:5      | Entered Level 5 of the Dungeon
  2769 | D:5      | Reached skill level 11 in Axes
  2835 | D:5      | Reached XP level 8. HP: 36/64 MP: 7/7
  3785 | D:7      | Reached skill level 12 in Axes
  3791 | D:7      | Found a staircase to the Ecumenical Temple.
  3858 | D:7      | Reached **** piety under Trog
  4140 | D:7      | Found a radiant altar of Vehumet.
  4285 | D:7      | Reached skill level 13 in Axes
  4490 | D:6      | Gained mutation: You passively map a small area around you. [mutagenic meat]
  4491 | D:6      | Gained mutation: You expend magic power (3 MP) to strengthen your wands. [mutagenic meat]
  4492 | D:6      | Gained mutation: Your spells are a little harder to cast, but a little more powerful. [mutagenic meat]
  4493 | D:6      | Gained mutation: You occasionally shout uncontrollably at your foes. [mutagenic meat]
  4494 | D:6      | Gained mutation: You have a somewhat thin skeletal structure. (Dex +2, Stealth) [mutagenic meat]
  4627 | D:4      | Bought the amulet of Discretion {Reflect Str+2 SH+2} for 434 gold pieces
  4989 | D:8      | Killed from afar by an orc priest

Skill      XL: |  1  2  3  4  5  6  7  8 |
---------------+-------------------------+-----
Axes           | 4 5 8 10 11 13 | 13.7
Fighting       | |  3.6
Armour         | |  2.4
Dodging        | |  2.1

Action                   |  1- 3 |  4- 6 |  7- 9 || total
-------------------------+-------+-------+-------++-------
Melee: Hand axe          |    62 |    87 |   172 ||   321
       Headbutt          |     6 |    10 |    45 ||    61
       War axe           |       |       |    22 ||    22
Invok: Berserk           |       |     2 |     1 ||     3
  Use: Scroll            |       |       |    10 ||    10
       Potion            |       |       |     2 ||     2
  Eat: Chunk             |       |     4 |    12 ||    16
       Pizza             |       |       |     1 ||     1
       Beef jerky        |       |       |     1 ||     1
Armor: Animal skin       |     9 |       |       ||     9
       Ring mail         |     2 |    28 |    22 ||    52
       Scale mail        |       |       |    53 ||    53
Dodge: Dodged            |    45 |    37 |    89 ||   171
Block: Other             |       |       |     1 ||     1
